AoeStats
← saate

Arabia

510321065Analyzed
1v1 RM · 2d ago on Sep 30, 2026· 31m 14s· 2 players
Game mode
Random Map
Map size
Tiny (2 player)
Population
200
Speed
Normal
Resources
Standard
Victory
Conquest
Starting age
Dark Age
Ending age
Imperial Age
RankedLock teamsTeams togetherTeam positionsShared explorationLock speedFull tech treeHidden civsTurbo modeCheats
Victory
Defeat
🇨🇦 Danes · Canada
807
+15
🇮🇩 Mongols · Indonesia
779
-15
saate
7:37 Loom
9:59 Feudal Age
11:24 Loom
19:03 Double-Bit Axe
21:10 Town Watch
24:07 Castle Age
BlankPrawn5690
5:03 Loom
12:29 Feudal Age
12:34 Man-at-Arms
20:49 Horse Collar
21:53 Forging
25:48 Wheelbarrow
29:04 Castle Age
31:02 Iron Casting
29:52 Long Swordsman
30:18 Gambesons
30:21 Arson
Connection lost

Rejoining the realm…

Still unreachable

The connection could not be restored.

Session expired

The server has moved on; the page needs a fresh start.